 Dungeon Crawl Stone Soup version 0.28.0-62-gf88900778d (webtiles) character file.

Game seed: 17910250046266989375

11398 tkbsonic5 the Nimble (level 11, -1/93 HPs)
             Began as a Merfolk Gladiator on Feb 27, 2023.
             Was a Believer of Qazlal.
             Slain by a 13-headed hydra (11 damage)
             ... on level 10 of the Dungeon on Feb 28, 2023.
             The game lasted 00:50:47 (9932 turns).

tkbsonic5 the Nimble (Merfolk Gladiator)            Turns: 9932, Time: 00:50:48

Health: -1/93      AC: 19    Str: 19    XL:     11   Next: 77%
Magic:  9/12       EV: 10    Int:  8    God:    Qazlal [**....]
Gold:   209        SH:  3    Dex: 15    Spells: 8/10 levels left

rFire   + . .      SeeInvis .   A - +2 halberd (freeze)
rCold   + . .      Faith    .   (shield currently unavailable)
rNeg    . . .      Spirit   .   n - +3 plate armour {rF+}
rPois   .          Reflect  .   c - +0 helmet
rElec   .          Harm     .   (no cloak)
rCorr   .          Rampage  .   (no gloves)
Will    .....                   B - +2 pair of boots
Stlth   ..........              o - amulet of regeneration
HPRegen 1.05/turn               (no ring)
MPRegen 0.13/turn               (no ring)

@: no status effects
A: (nimble swimmer 2), mertail, iridescent scales 1, cold resistance 1, high MP
1
a: Renounce Religion, Upheaval


You were on level 10 of the Dungeon.
You worshipped Qazlal.
Qazlal was pleased with you.
You visited 1 branch of the dungeon, and saw 10 of its levels.

You collected 380 gold pieces.
You spent 171 gold pieces at shops.

Inventory:

Hand Weapons
 a - a +1 rapier of electrocution
 b - a +3 falchion of freezing
 d - a +3 great sword
 e - a +2 falchion of holy wrath
 l - a +2 falchion
 w - a +0 hunting sling
 y - a +0 vorpal shortbow
 A - a +2 halberd of freezing (weapon)
Missiles
 g - 2 poisoned darts (quivered)
 i - a datura-tipped dart
 p - 44 sling bullets
 z - 153 arrows
Armour
 c - a +0 helmet (worn)
 n - a +3 plate armour of fire resistance (worn)
 B - a +2 pair of boots (worn)
Jewellery
 o - an amulet of regeneration (around neck)
Wands
 s - a wand of digging (4)
Scrolls
 x - a scroll of amnesia
Potions
 f - a potion of resistance
 k - a potion of ambrosia


   Skills:
 * Level 11.0 Fighting
 - Level 8.2 Short Blades
 - Level 0.2(4.5) Long Blades
 * Level 11.3 Polearms
 - Level 2.1 Throwing
 + Level 13.5 Dodging
 - Level 7.5 Stealth


You had 8 spell levels left.
You knew the following spells:

 Your Spells              Type           Power      Damage    Failure   Level
a - Static Discharge      Conj/Air       0%         N/A       100%        2

Your spell library contained the following spells:

 Spells                   Type           Power      Damage    Failure   Level
 Magic Dart               Conj           0%         1d3       100%        1
 Call Imp                 Summ           0%         N/A       100%        2
 Scorch                   Fire           0%         2d5       100%        2
 Conjure Flame            Conj/Fire      0%         6-21      100%        3
 Ignite Poison            Fire/Tmut/Pois 0%         N/A       100%        3
 Mephitic Cloud           Conj/Pois/Air  0%         N/A       100%        3
 Dispel Undead            Necr           0%         3d6       100%        4
 Flame Wave               Conj/Fire      0%         2d4       100%        4
 Sticky Flame             Conj/Fire      0%         2d3       100%        4
 Summon Cactus Giant      Summ           0%         N/A       100%        6
 Chain Lightning          Conj/Air       0%         N/A       100%        9
 Fire Storm               Conj/Fire      0%         5d1       100%        9
 Shatter                  Erth           0%         3d5*      100%        9


Dungeon Overview and Level Annotations

Branches:
Dungeon (11/15)              Lair (0/6) D:9             Orc (0/2) D:10
 Temple: D:4-7

Altars:
Ashenzari
Dithmenos
Qazlal
Ru
Trog
Wu Jian
The Shining One
Beogh

Shops:
D:2 *   D:7 ?

Annotations:
D:6 Prince Ribbit
D:8 Erica


Innate Abilities, Weirdness & Mutations

((You are very nimble when in or above water. (Stealth+, EV+, Speed+++)))
Your lower body shifts to a powerful aquatic tail in water.
You are partially covered in iridescent scales. (AC +2)
Your flesh is cold resistant. (rC+)
You have an increased reservoir of magic. (+10% MP)


Message History

The ten-headed hydra barely misses you.
The ten-headed hydra bites you but does no damage.
The ten-headed hydra bites you. x2
The ten-headed hydra bites you but does no damage.
The ten-headed hydra bites you.
You slice one of the ten-headed hydra's heads off!
The nine-headed hydra grows two more!
You slash the 11-headed hydra!
The 11-headed hydra seems to slow down.
You freeze the 11-headed hydra!
The 11-headed hydra is severely wounded.
You lop one of the 11-headed hydra's heads off!
The ten-headed hydra grows two more!
You hit the 12-headed hydra. You freeze the 12-headed hydra.
The 12-headed hydra is severely wounded.
The 12-headed hydra bites you but does no damage.
The 12-headed hydra bites you! The 12-headed hydra barely misses you.
The 12-headed hydra closely misses you.
The 12-headed hydra bites you but does no damage.
The 12-headed hydra bites you! The 12-headed hydra bites you.
The 12-headed hydra bites you but does no damage.
The 12-headed hydra bites you!
The 12-headed hydra bites you but does no damage.
The 12-headed hydra completely misses you.
The 12-headed hydra bites you but does no damage.
You slice one of the 12-headed hydra's heads off!
The 11-headed hydra grows two more!
You slash the 13-headed hydra! You freeze the 13-headed hydra.
The 13-headed hydra is severely wounded.
You block the 13-headed hydra's attack. The 13-headed hydra bites you.
The 13-headed hydra bites you but does no damage.
The 13-headed hydra bites you.
* * * LOW HITPOINT WARNING * * *
The 13-headed hydra bites you!
* * * LOW HITPOINT WARNING * * *
The 13-headed hydra bites you.
* * * LOW HITPOINT WARNING * * *
The 13-headed hydra bites you!
* * * LOW HITPOINT WARNING * * *
The 13-headed hydra bites you but does no damage.
The 13-headed hydra bites you!
You die...

.#.# ######## #.#..##.######.#
.#.###..>...# #.#..#..##.....#
##>.........# #.#..#........#.
#..........# #.#..#..##.##.#.
##.)........######.#.............
................##..........##.#.
.......##.......##..........##...
.......##.......○...........##...
..............[D@..#...#.........
##8'8#####8'8##.##...............
#......8......####.#.............
#.....).......#.............##.##
#...⌠.._..⌠...####...............
#.............# #.........###.##
#......>......# #.........# #.#
############### #.........# #.#
..)..........# #........># #.##


You could see a 13-headed hydra (slow).

Vanquished Creatures
  Harold (D:7)
  3 death yaks (D:9)
  A deep elf pyromancer (D:9)
  Joseph (D:7)
  2 trolls (D:10)
  A shadow (D:8)
  A vampire (D:9)
  4 wyverns
  17 yaks
  2 steam dragons
  An acid dragon (D:7)
  2 water moccasins (D:7)
  7 orc warriors
  A black bear (D:7)
  A sky beast (D:6)
  A hornet zombie (D:7)
  2 ogres
  3 centaurs
  3 bullfrogs
  3 scorpions (D:7)
  2 gnoll sergeants
  A wyvern skeleton (D:7)
  11 wights
  2 howler monkeys
  6 centaur zombies
  2 jellies (D:7)
  4 orc priests
  A centaur skeleton (D:7)
  2 bullfrog skeletons (D:6)
  Jessica (D:3)
  3 iguanas (D:6)
  4 orc wizards
  3 hell rats (D:9)
  3 adders (D:2)
  2 gnolls
  A river rat (D:8)
  A shadow imp (D:6)
  A worm (D:2)
  A dart slug (D:2)
  40 orcs
  8 ball pythons
  5 bats
  6 endoplasms
  3 giant cockroaches
  5 goblins
  14 hobgoblins
  2 jackals (D:2)
  4 kobolds (D:1)
  8 quokkas
  7 frilled lizards
  11 rats
221 creatures vanquished.

Vanquished Creatures (collateral kills)
  A wyvern (D:8)
  A yak (D:8)
  A wight (D:6)
  A jelly (D:6)
  3 gnolls (D:8)
  A shadow imp (D:6)
  An orc (D:9)
9 creatures vanquished.

Vanquished Creatures (others)
  An orc wizard (D:11)
  An orc (D:7)
2 creatures vanquished.

Grand Total: 232 creatures vanquished

Notes
Turn   | Place    | Note
-------+----------+-------------------------------------------
     0 | D:1      | tkbsonic5 the Merfolk Gladiator began the quest for the
                  | Orb.
     0 | D:1      | Reached XP level 1. HP: 16/16 MP: 1/1
   188 | D:1      | Reached XP level 2. HP: 20/23 MP: 2/2
   305 | D:1      | Reached XP level 3. HP: 21/28 MP: 3/3
   614 | D:1      | Learned a level 2 spell: Static Discharge
   808 | D:1      | Found a faded altar of an unknown god.
   823 | D:1      | Reached skill level 5 in Dodging
  1062 | D:2      | Reached XP level 4. HP: 34/34 MP: 4/4
  1312 | D:2      | Found Vieshryi's General Store.
  1338 | D:2      | Bought a scroll of identify for 24 gold pieces
  1707 | D:2      | Reached skill level 5 in Short Blades
  1902 | D:3      | Reached XP level 5. HP: 38/41 MP: 5/5
  1951 | D:3      | Learned a level 2 spell: Static Discharge
  1977 | D:3      | Noticed Jessica
  1989 | D:3      | Killed Jessica
  2275 | D:4      | You fall into a shaft and drop 2 floors!
  2368 | D:6      | Reached skill level 1 in Stealth
  2415 | D:6      | Found a broken altar of Ashenzari.
  2444 | D:6      | Reached XP level 6. HP: 47/47 MP: 6/6
  2497 | D:6      | Reached skill level 6 in Dodging
  2558 | D:6      | Reached XP level 7. HP: 48/50 MP: 7/7
  2908 | D:6      | Found a stormy altar of Qazlal.
  3156 | D:7      | Noticed Joseph
  3166 | D:7      | Reached skill level 7 in Dodging
  3481 | D:7      | Noticed a steam dragon
  3859 | D:6      | Gained mutation: You have an increased reservoir of magic.
                  | (+10% MP) [potion of mutation]
  3859 | D:6      | Gained mutation: You are partially covered in iridescent
                  | scales. (AC +2) [potion of mutation]
  3859 | D:6      | Gained mutation: Your flesh is cold resistant. (rC+)
                  | [potion of mutation]
  3893 | D:7      | Reached skill level 5 in Fighting
  3893 | D:7      | Reached XP level 8. HP: 39/62 MP: 8/8
  4275 | D:7      | Killed Joseph
  4464 | D:6      | Reached skill level 8 in Dodging
  4464 | D:6      | Reached skill level 5 in Stealth
  4550 | D:7      | Found Torreufi's Magic Scroll Shoppe.
  4567 | D:7      | Bought a scroll of enchant weapon for 105 gold pieces
  4567 | D:7      | Bought a scroll of teleportation for 42 gold pieces
  4569 | D:7      | Noticed Prince Ribbit
  4968 | D:7      | Reached XP level 9. HP: 62/71 MP: 9/9
  5055 | D:7      | Reached skill level 1 in Polearms
  5055 | D:7      | Reached skill level 9 in Dodging
  5483 | D:7      | Noticed Harold
  5513 | D:7      | Killed Harold
  5684 | D:6      | Reached skill level 10 in Dodging
  5819 | D:7      | Reached skill level 5 in Polearms
  5819 | D:7      | Reached XP level 10. HP: 73/80 MP: 11/11
  5983 | D:6      | Became a worshipper of Qazlal Stormbringer
  6494 | D:9      | Found a shadowy altar of Dithmenos.
  6516 | D:9      | Reached skill level 11 in Dodging
  6633 | D:9      | Noticed a death yak
  6645 | D:9      | Noticed a death yak
  6649 | D:9      | Noticed a death yak
  7241 | D:9      | Noticed a skeletal warrior
  7254 | D:8      | Reached * piety under Qazlal
  7270 | D:9      | Noticed a deep elf pyromancer
  7415 | D:9      | Killed a deep elf pyromancer
  7589 | D:8      | Reached skill level 12 in Dodging
  7746 | D:9      | Reached XP level 11. HP: 85/89 MP: 12/12
  7766 | D:9      | Found a staircase to the Lair.
  7795 | D:9      | Killed a death yak
  7835 | D:9      | Killed a death yak
  7836 | D:9      | Reached skill level 10 in Fighting
  7840 | D:9      | Killed a death yak
  7841 | D:9      | Reached skill level 10 in Polearms
  8189 | D:8      | Noticed Erica
  8362 | D:10     | Entered Level 10 of the Dungeon
  8465 | D:10     | Reached ** piety under Qazlal
  8474 | D:10     | Reached skill level 13 in Dodging
  8749 | D:10     | Found an ornate altar of the Wu Jian Council.
  8885 | D:10     | Found a staircase to the Orcish Mines.
  9180 | D:10     | Found a bloodstained altar of Trog.
  9180 | D:10     | Found a sacrificial altar of Ru.
  9228 | D:10     | Found a glowing golden altar of the Shining One.
  9822 | D:11     | Noticed an eight-headed hydra
  9932 | D:10     | Slain by a 13-headed hydra

Illustrated notes

Levels and vault maps discovered:
D:1:      amcnicky_arrival_single_pillar, layout_rooms,
          ebering_ecumenical_altar_sacrificial, serial_park_tiny_1,
          minmay_misc_feat_cross, hangedman_decor_growths,
          minmay_tree_intersection
D:2:      layout_loops_cross, serial_shops, shop
D:3:      layout_rooms, uniq_jessica
D:4:      gammafunk_cloud_chamber, layout_loops_ring, uniq_pikel
D:6:      layout_cave_pods, kennysheep_mini, evilmike_ruin_ashenzari
D:7:      layout_basic, serial_shops, nicolae_shop_statue_plus, enter_ossuary_2,
          minmay_joined_circles, uniq_prince_ribbit1, uniq_joseph, uniq_harold
D:8:      layout_basic, uniq_erica
D:9:      minmay_diamond_stairs, layout_irregular_city, kennysheep_little_box,
          dpeg_lair_monsters
D:10:     layout_basic, pdpol_wu_jian_five_deadly_venoms,
          nicolae_tso_carved_into_rock, grunt_temple_overflow_open, david_orc_5
D:11:     layout_loops_ring, uniq_josephine, uniq_maurice

Skill      XL: |  1  2  3  4  5  6  7  8  9 10 11 |
---------------+----------------------------------+-----
Short Blades   | 4 5 6 8 |  8.2
Dodging        | 5 6 7 8 10 12 13 | 13.5
Fighting       | 3 4 5 6 7 9 11 | 11.0
Stealth        | 1 2 4 5 7 |  7.5
Polearms       | 5 9 11 | 11.3
Long Blades    | |  0.2
Throwing       | |  2.1

Action                   |  1- 3 |  4- 6 |  7- 9 | 10-12 || total
-------------------------+-------+-------+-------+-------++-------
Melee: Rapier            |   107 |   169 |   237 |     4 ||   517
       Punch             |     2 |     3 |     2 |       ||     7
       Great sword       |       |       |     9 |       ||     9
       Halberd           |       |       |       |   364 ||   364
       Falchion          |       |       |       |    18 ||    18
 Fire: Hunting sling     |       |       |     4 |       ||     4
Throw: Throwing net      |     2 |     2 |     5 |     5 ||    14
       Dart              |       |     1 |     7 |    19 ||    27
Invok: Upheaval          |       |       |       |     1 ||     1
Evoke: Wand              |       |       |     1 |     3 ||     4
  Use: Scroll            |       |     9 |     8 |    15 ||    32
       Potion            |       |     3 |     8 |     6 ||    17
 Stab: Held in net/web   |     1 |     2 |       |       ||     3
       Distracted        |       |       |       |     1 ||     1
Armor: Leather armour    |    26 |    38 |     3 |       ||    67
       Skin              |       |    24 |    11 |     8 ||    43
       Scale mail        |       |       |     4 |     3 ||     7
       Plate armour      |       |       |    99 |   274 ||   373
Dodge: Dodged            |    75 |    76 |   113 |   204 ||   468
Block: Other             |       |       |       |    14 ||    14
